 Dungeon Crawl Stone Soup version 0.30-a0-368-g86fb4627a9 (webtiles) character file.

Game seed: 2191024850332648926

19 sleeves the Insei (level 2, -1/21 HPs)
             Began as a Demonspawn Transmuter on Nov 19, 2022.
             Slain by a goblin
             ... wielding a +0 dagger
              (3 damage)
             ... on level 1 of the Dungeon.
             The game lasted 00:00:32 (570 turns).

sleeves the Insei (Demonspawn Transmuter)            Turns: 570, Time: 00:00:33

Health: -1/21      AC:  2    Str: 10    XL:     2   Next: 55%
Magic:  4/5        EV: 12    Int: 14    God:
Gold:   19         SH:  0    Dex: 13    Spells: 4/5 levels left

rFire   . . .      SeeInvis .      - Unarmed
rCold   . . .      Faith    .    (no shield)
rNeg    . . .      Spirit   .    a - +0 robe
rPois   .          Reflect  .    (helmet currently unavailable)
rElec   .          Harm     .    (no cloak)
rCorr   .          Rampage  .    (no gloves)
Will    .....                    (boots currently unavailable)
Stlth   +.........               (no amulet)
HPRegen 0.23/turn                (no ring)
MPRegen 0.09/turn                (no ring)

@: appendages (expiring)
A: talons 2, antennae 1
a: End Transformation


You were on level 1 of the Dungeon.
You had temporarily grown beastly talons.
You visited 1 branch of the dungeon, and saw 1 of its levels.

You collected 19 gold pieces.

Inventory:

Armour
 a - a +0 robe (worn)
Scrolls
 c - a scroll of blinking {unknown}
 e - a scroll of identify {unknown}
Potions
 b - a potion of lignification
 d - a potion of heal wounds {unknown}


   Skills:
 - Level 1.0 Fighting
 - Level 1.7 Dodging
 + Level 3.6 Unarmed Combat
 - Level 2.0 Spellcasting
 - Level 1.7 Transmutations


You had 4 spell levels left.
You knew the following spells:

 Your Spells              Type           Power      Damage    Failure   Level
a - Beastly Appendage     Tmut           12%        N/A       12%         1

Your spell library contained the following spells:

 Spells                   Type           Power      Damage    Failure   Level
 Wereblood                Tmut           6%         N/A       17%         2
 Spider Form              Tmut/Pois      3%         N/A       45%         3
 Ice Form                 Ice/Tmut       3%         N/A       86%         4


Dungeon Overview and Level Annotations

Branches:
Dungeon (1/15)

Altars:


Innate Abilities, Weirdness & Mutations

You have temporarily grown beastly talons.
You have a pair of small antennae on your head.


Message History

Welcome, sleeves the Demonspawn Transmuter.
You feel drawn to the Orb of Zot, downwards into the unfathomable depths...
Press ? for a list of commands and other information.
Found a staircase leading out of the dungeon.
A bat comes into view.
A bat is nearby!
A bat is nearby!
A bat is nearby!
The bat closely misses you.
No target in view!
No target in view!
No target in view!
No target in view!
No target in view!
No target in view!
No target in view!
No target in view!
The bat hits you.
A bat is nearby!
You hit the bat.
The bat is severely wounded.
The bat misses you. The bat barely misses you. The bat closely misses you.
You closely miss the bat.
The bat is severely wounded.
The bat hits you.
You miss the bat.
The bat is severely wounded.
The bat misses you. The bat hits you.
No target in view!
No target in view!
No target in view!
No target in view!
No target in view!
A bat is nearby!
A bat is nearby!
The bat hits you but does no damage.
You completely miss the bat.
The bat is moderately wounded.
The bat barely misses you. The bat hits you but does no damage.
You closely miss the bat.
The bat is moderately wounded.
The bat barely misses you.
No target in view!
No target in view!
No target in view!
No target in view!
No target in view!
No target in view!
No target in view!
No target in view!
A bat is nearby!
A bat is nearby!
A bat is nearby!
You barely miss the bat.
The bat is moderately wounded.
The bat barely misses you. The bat hits you.
You hit the bat.
The bat is severely wounded.
The bat closely misses you.
You closely miss the bat.
The bat is severely wounded.
The bat barely misses you.
You hit the bat but do no damage.
The bat is severely wounded.
The bat hits you.
You barely miss the bat.
The bat is severely wounded.
The bat barely misses you.
You barely miss the bat.
The bat is severely wounded.
The bat hits you but does no damage. x2
The bat barely misses you.
You hit the bat.
You kill the bat!
No target in view!
No target in view!
A kobold comes into view. It is wielding a +0 dagger.
A kobold is nearby!
A kobold is nearby!
You closely miss the kobold. The kobold closely misses you.
You hit the kobold but do no damage. The kobold misses you.
You hit the kobold.
You kill the kobold!
No target in view!
No target in view!
No target in view!
No target in view!
No target in view!
No target in view!
No target in view!
No target in view!
No target in view!
You see here a +0 dagger.
A frilled lizard comes into view.
A frilled lizard is nearby!
A frilled lizard is nearby!
The helpless frilled lizard fails to defend itself.
You hit the frilled lizard.
You kill the frilled lizard!
No target in view!
No target in view!
No target in view!
No target in view!
No target in view!
No target in view!
No target in view!
No target in view!
A giant cockroach comes into view.
A giant cockroach is nearby!
A giant cockroach is nearby!
Found a ring mail.
You hit the giant cockroach but do no damage.
The giant cockroach bites you but does no damage. x2
You hit the giant cockroach.
The giant cockroach is severely wounded.
The giant cockroach closely misses you.
You hit the giant cockroach.
You kill the giant cockroach!
Your Unarmed Combat skill increases to level 3!
No target in view!
No target in view!
No target in view!
No target in view!
No target in view!
No target in view!
No target in view!
No target in view!
No target in view!
Found a mace.
Found a stone staircase leading down.
No target in view!
No target in view!
No target in view!
No target in view!
No target in view!
No target in view!
No target in view!
No target in view!
No target in view!
No target in view!
A hobgoblin comes into view.
The hobgoblin shouts!
A hobgoblin is nearby!
A hobgoblin is nearby!
A goblin comes into view. It is wielding a +0 dagger.
The goblin shouts!
The hobgoblin closely misses you.
You closely miss the hobgoblin. The hobgoblin barely misses you.
You hit the hobgoblin.
The hobgoblin is moderately wounded.
The hobgoblin hits you.
You hit the hobgoblin.
You kill the hobgoblin!
The goblin hits you with a +0 dagger.
You closely miss the goblin. The goblin barely misses you.
You hit the goblin.
You kill the goblin!
No target in view!
No target in view!
No target in view!
HP restored.
A rat comes into view.
A rat is nearby!
The rat barely misses you.
You hit the rat.
You kill the rat!
No target in view!
No target in view!
No target in view!
No target in view!
No target in view!
No target in view!
No target in view!
You see here a rat corpse.
c - a scroll labelled ERUTAB OMUUHE A dart slug comes into view.
You see here a lumpy puce potion.
The dart slug launches a dart at you. The slug dart hits you.
A rat comes into view.
You hit the dart slug.
The dart slug is lightly wounded.
The dart slug barely misses you.
You hit the dart slug.
The dart slug is severely wounded.
The dart slug launches a dart at you. The slug dart misses you.
You hit the dart slug.
You kill the dart slug!
You have reached level 2!
Your demonic ancestry asserts itself...
A pair of antennae grows on your head!
A goblin comes into view. It is wielding a +0 club.
The goblin shouts!
You barely miss the rat. The rat bites you.
You hit the rat but do no damage. The rat bites you.
You closely miss the rat. The rat bites you.
You hit the rat but do no damage. The rat bites you but does no damage.
You hit the rat.
The rat is heavily wounded.
The rat bites you but does no damage.
You hit the rat.
You kill the rat!
The goblin closely misses you.
You barely miss the goblin. The goblin hits you with a +0 club.
* * * LOW HITPOINT WARNING * * *
You are too injured to fight recklessly!
You are too injured to fight recklessly!
You are too injured to fight recklessly!
You are too injured to fight recklessly!
You are too injured to fight recklessly!
You are too injured to fight recklessly!
You are too injured to fight recklessly!
A goblin is nearby!
A goblin is nearby!
A goblin is nearby!
You barely miss the goblin. The goblin hits you with a +0 club.
* * * LOW HITPOINT WARNING * * *
You hit the goblin.
The goblin is moderately wounded.
The goblin hits you with a +0 club.
* * * LOW HITPOINT WARNING * * *
You barely miss the goblin.
The goblin is moderately wounded.
The goblin hits you with a +0 club.
* * * LOW HITPOINT WARNING * * *
You hit the goblin.
You kill the goblin!
You see here a +0 club.
d - a lumpy puce potion
e - a scroll labelled BEAWIT KILILA A hobgoblin comes into view.
Your feet morph into talons.
The hobgoblin shouts!
The hobgoblin completely misses you.
You barely miss the hobgoblin.
You claw the hobgoblin, but do no damage.
The hobgoblin barely misses you.
You closely miss the hobgoblin. Your kick misses the hobgoblin.
Your transformation is almost over.
The hobgoblin barely misses you.
You barely miss the hobgoblin. You claw the hobgoblin!
You kill the hobgoblin!
No target in view!
No target in view!
No target in view!
No target in view!
No target in view!
No target in view!
Magic restored.
Your talons disappear.
Found 2 stones.
A goblin comes into view. It is wielding a +0 dagger.
A goblin is nearby!
The goblin shouts!
A rat comes into view.
You hit the goblin. Your punch misses the goblin.
The goblin is heavily wounded.
The goblin barely misses you.
You hit the goblin.
You kill the goblin!
You hit the rat.
You kill the rat!
No target in view!
No target in view!
No target in view!
No target in view!
No target in view!
You see here a rat corpse.
Found a stone staircase leading down.
You now have 5 gold pieces.
A ball python comes into view.
A ball python is nearby!
A ball python is nearby!
A ball python is nearby!
Your feet morph into talons.
The ball python bites you. The ball python barely misses you.
The ball python closely misses you. x2
A ball python is nearby!
You hit the ball python.
The ball python is severely wounded.
The ball python bites you but does no damage.
The ball python completely misses you.
You hit the ball python.
You kill the ball python!
No target in view!
No target in view!
No target in view!
No target in view!
No target in view!
No target in view!
No target in view!
Your transformation is almost over.
You see here a ball python corpse.
Your talons disappear.
A ball python comes into view.
A ball python is nearby!
A ball python is nearby!
A ball python is nearby!
You completely miss the ball python. The ball python bites you.
The ball python grabs you. The ball python constricts you.
Your feet morph into talons.
The ball python misses you. The ball python constricts you.
You barely miss the ball python. The ball python bites you.
The ball python constricts you.
You barely miss the ball python. Your kick misses the ball python.
Your transformation is almost over.
The ball python bites you. The ball python constricts you.
You are too injured to fight recklessly!
You are too injured to fight recklessly!
A ball python is nearby!
A ball python is nearby!
A ball python is nearby!
You are too injured to fight recklessly!
You hit the ball python but do no damage.
The ball python barely misses you. The ball python constricts you.
The ball python bites you but does no damage.
The ball python constricts you.
You hit the ball python.
You kill the ball python!
Your talons disappear.
You now have 19 gold pieces (gained 14).
An endoplasm comes into view.
The endoplasm quivers.
An endoplasm is nearby!
An endoplasm is nearby!
An endoplasm is nearby!
The endoplasm hits you.
You barely miss the endoplasm. The endoplasm freezes you.
You are frozen.
Your feet morph into talons.
The endoplasm hits you.
You hit the endoplasm.
You kill the endoplasm!
No target in view!
No target in view!
Your transformation is almost over.
Your talons disappear.
A hobgoblin and an endoplasm come into view.
There are monsters nearby!
There are monsters nearby!
A hobgoblin comes into view.
The hobgoblin shouts!
You hear a shout!
A goblin comes into view. It is wielding a +0 dagger.
The hobgoblin moves out of view.
The hobgoblin shouts!
The endoplasm hits you.
You hit the endoplasm but do no damage. The hobgoblin hits you.
The endoplasm hits you.
Your feet morph into talons.
The hobgoblin closely misses you. The endoplasm freezes you.
You are frozen.
You are too injured to fight recklessly!
You are too injured to fight recklessly!
You are too injured to fight recklessly!
You are too injured to fight recklessly!
You are too injured to fight recklessly!
You are too injured to fight recklessly!
You are too injured to fight recklessly!
The endoplasm attacks as you move away! The endoplasm hits you.
* * * LOW HITPOINT WARNING * * *
The hobgoblin attacks as you move away! The hobgoblin barely misses you.
The goblin hits you with a +0 dagger.
* * * LOW HITPOINT WARNING * * *
The goblin barely misses you. The hobgoblin hits you.
* * * LOW HITPOINT WARNING * * *
The hobgoblin attacks as you move away! The hobgoblin closely misses you.
The goblin barely misses you. The hobgoblin barely misses you.
The hobgoblin barely misses you. The hobgoblin attacks as you move away!
The hobgoblin hits you but does no damage.
The goblin attacks as you move away! The goblin hits you with a +0 dagger.
* * * LOW HITPOINT WARNING * * *
The goblin hits you with a +0 dagger.
You die...

# .....##.##..# #.# .
.....##.##..###.#.####
.. ..
#................ ...
#..#.####.#..####
.....##..#.........#
...........####.#..#
.....##..#...........
.... #.gg............
.....##.g#@####### ###
........{#.#
.######..#.# #..#.#
#..#.# #..#.# #..#.#
...#.# ###.#


You could see a hobgoblin and a goblin.

Vanquished Creatures
  A dart slug (D:1)
  A bat (D:1)
  An endoplasm (D:1)
  A giant cockroach (D:1)
  3 goblins (D:1)
  2 hobgoblins (D:1)
  2 ball pythons (D:1)
  A frilled lizard (D:1)
  A kobold (D:1)
  3 rats (D:1)
16 creatures vanquished.

Notes
Turn   | Place    | Note
-------+----------+-------------------------------------------
     0 | D:1      | sleeves the Demonspawn Transmuter began the quest for the
                  | Orb.
     0 | D:1      | Reached XP level 1. HP: 15/15 MP: 3/3
    57 | D:1      | Reached skill level 3 in Unarmed Combat
   155 | D:1      | Gained mutation: You have a pair of small antennae on your
                  | head. [demonic ancestry]
   155 | D:1      | Reached XP level 2. HP: 17/21 MP: 5/5
   163 | D:1      | HP: 10/21 [goblin/+0 club (4)]
   166 | D:1      | HP: 4/21 [goblin/+0 club (2)]
   564 | D:1      | HP: 8/21 [endoplasm (3)]
   565 | D:1      | HP: 2/21 [hobgoblin (5)]
   570 | D:1      | Slain by a goblin

Illustrated notes

Levels and vault maps discovered:
D:1:      erik_arrival_blinker_ship, layout_basic,
          shapermc_ecumenical_altar_mp_highgroup

Skill      XL: |  1 |
---------------+----+-----
Unarmed Combat | 3 |  3.6
Fighting       | |  1.0
Dodging        | |  1.7
Spellcasting   | |  2.0
Transmutations | |  1.7

Action                   || total
-------------------------++-------
Melee: Unarmed           ||    55
       Kick              ||     2
 Cast: Beastly Appendage ||     5
 Stab: Sleeping          ||     1
Armor: Robe              ||    11
Dodge: Dodged            ||    39

Table legend: (Time is in decaauts)
 A = Elapsed time spent in this place.
 B = Non-inter-level travel time spent in this place.
 C = Inter-level travel time spent in this place.
 D = Time resting spent in this place.
 E = Time spent auto-exploring this place.
 F = Levels seen in this place.
 G = Mean time per level.
                   A        B        C        D        E       F      G
               +--------+--------+--------+--------+--------+-----+--------+
         Total |    567 |    567 |      0 |      0 |    435 |   1 |  567.0 |
       Dungeon |    567 |    567 |      0 |      0 |    435 |   1 |  567.0 |
               +--------+--------+--------+--------+--------+-----+--------+

Top non-repeatable levels by time:
     D:1: 567 daAuts
